 Dungeon Crawl Stone Soup version 0.29.1-13-g9f3cf754e1 (webtiles) character file.

Game seed: 379792165747192272

362 zeram the Grave Robber (level 6, -9/44 HPs)
             Began as a Gnoll Necromancer on Feb 10, 2023.
             Killed from afar by an orc wizard (14 damage)
             ... with a puff of flame
             ... on level 6 of the Dungeon.
             The game lasted 00:09:54 (5012 turns).

zeram the Grave Robber (Gnoll Necromancer)          Turns: 5012, Time: 00:09:55

Health: -9/44      AC:  3    Str:  7    XL:     6   Next: 66%
Magic:  14/14      EV: 13    Int: 17    God:
Gold:   172        SH:  4    Dex: 12    Spells: 8/15 levels left

rFire   . . .      SeeInvis .   e - +0 dagger
rCold   . . .      Faith    .   h - +0 buckler
rNeg    . . .      Spirit   .   a - +1 robe
rPois   .          Reflect  .   (no helmet)
rElec   .          Harm     .   (no cloak)
rCorr   .          Rampage  .   (no gloves)
Will    .....                   (no boots)
Stlth   +++.......              (no amulet)
HPRegen 0.14/turn               (no ring)
MPRegen 0.14/turn               (no ring)

@: no status effects
A: fangs 1, strong nose, distributed training
a: no special abilities


You were on level 6 of the Dungeon.
You visited 1 branch of the dungeon, and saw 6 of its levels.

You collected 172 gold pieces.

Inventory:

Hand Weapons
 e - a +0 dagger (weapon)
Missiles
 d - a throwing net
Armour
 a - a +1 robe (worn)
 h - a +0 buckler (worn)
Jewellery
 l - a ring of resist corrosion
Scrolls
 m - a scroll of identify
 o - a scroll of teleportation
Potions
 b - a potion of magic
 c - a potion of cancellation
 f - a potion of curing
 g - a potion of heal wounds {unknown}
 i - a potion of resistance {unknown}
 j - a potion of attraction
 k - 2 potions of brilliance


   Skills:
 + Level 2.1 Fighting
 + Level 2.1 Short Blades
 + Level 2.1 Long Blades
 + Level 2.1 Axes
 + Level 2.1 Maces & Flails
 + Level 2.1 Polearms
 + Level 2.1 Staves
 + Level 2.1 Ranged Weapons
 + Level 2.1 Throwing
 + Level 2.1 Armour
 + Level 5.0 Dodging
 + Level 4.7 Stealth
 + Level 2.1 Shields
 + Level 2.1 Unarmed Combat
 + Level 5.4 Spellcasting
 + Level 1.7 Conjurations
 + Level 1.7 Hexes
 + Level 1.7 Summonings
 + Level 7.3 Necromancy
 + Level 1.7 Translocations
 + Level 1.7 Transmutations
 + Level 1.7 Fire Magic
 + Level 1.7 Ice Magic
 + Level 1.7 Air Magic
 + Level 1.7 Earth Magic
 + Level 1.7 Poison Magic
 + Level 2.3 Invocations
 + Level 2.1 Evocations


You had 8 spell levels left.
You knew the following spells:

 Your Spells              Type           Power      Damage    Failure   Level
a - Necrotise             Necr           100%       1d9       1%          1
b - Vampiric Draining     Necr           29%        2d8       2%          3
c - Call Canine Familiar  Summ           10%        N/A       26%         3

Your spell library contained the following spells:

 Spells                   Type           Power      Damage    Failure   Level
 Magic Dart               Conj           40%        1d5       9%          1
 Summon Small Mammal      Summ           40%        N/A       9%          1
 Animate Dead             Necr           29%        N/A       9%          4
 Searing Ray              Conj           20%        2d5       13%         2
 Agony                    Necr           29%        N/A       24%         5
 Summon Guardian Golem    Hex/Summ       10%        N/A       26%         3
 Fulminant Prism          Conj/Hex       5%         3d7       65%         4
 Leda's Liquefaction      Hex/Erth       5%         N/A       65%         4
 Lee's Rapid Deconstruct  Erth           5%         3d7*      94%         5
 Statue Form              Tmut/Erth      6%         N/A       100%        6


Dungeon Overview and Level Annotations

Branches:
Dungeon (6/15)
 Temple: D:4-7

Altars:
Ru
Uskayaw
The Shining One

Shops:
D:2 ?

Annotations:
D:4 Pikel, Sigmund


Innate Abilities, Weirdness & Mutations

You have very sharp teeth.
Your uncanny sense of smell can sniff out nearby items.
Your experience applies equally to all skills.


Message History

The magic dart hits you!
* * * LOW HITPOINT WARNING * * *
You hit the orc wizard but do no damage.
The orc wizard is lightly wounded.
You block the orc wizard's attack.
You closely miss the orc wizard.
You bite the orc wizard, but do no damage.
The orc wizard is lightly wounded.
The orc wizard closely misses you.
You hit the orc wizard.
The orc wizard is lightly wounded.
The orc wizard hits you with a +0 long sword.
* * * LOW HITPOINT WARNING * * *
You hit the orc wizard.
The orc wizard is moderately wounded.
You block the orc wizard's attack.
You barely miss the orc wizard.
The orc wizard is moderately wounded.
The orc wizard shouts!
You hit the orc but do no damage. You bite the orc.
The orc is lightly wounded.
You hear a shout!
You hit the orc.
The orc is heavily wounded.
The orc wizard gestures wildly while chanting.
The orc wizard flickers and vanishes!
Deactivating autopickup; reactivate with Ctrl-A.
The orc hits you with a +0 war axe.
* * * LOW HITPOINT WARNING * * *
You hit the orc.
You kill the orc!
You hit something but do no damage. Something hits you.
* * * LOW HITPOINT WARNING * * *
You hit something. Your bite misses something. Something hits you.
* * * LOW HITPOINT WARNING * * *
You miss something.
You hear some strange, mumbled words.
A puff of flame appears from out of thin air!
The puff of flame hits you!
You die...

.## #.# #...<
..#####.##....# ∆
#...##.....#.o#
###.....# #..#
#...#...## #oo#
.........###..#
.#######..#...# .
.#
##...#o#######....
##
#....oo{@......!. #
#....#..#######.#!.
. ....##.##..# .
##### #.##.?.. #.
#.##.###. #.##.#
..##.# ###.


You could see an orc wizard and 2 orcs.

Vanquished Creatures
  A phantom (D:6)
  A hound (D:3)
  2 jellies
  An iguana (D:3)
  Jessica (D:3)
  4 adders
  2 gnolls (D:3)
  A shadow imp (D:5)
  A white imp (D:6)
  2 worms
  A dart slug (D:2)
  3 orcs
  6 endoplasms
  3 giant cockroaches
  6 goblins
  6 hobgoblins
  2 jackals (D:2)
  4 quokkas
  4 ball pythons
  5 bats
  3 frilled lizards
  5 kobolds
  5 rats
69 creatures vanquished.

Vanquished Creatures (collateral kills)
  2 endoplasms
  A jackal (D:2)
3 creatures vanquished.

Grand Total: 72 creatures vanquished

Notes
Turn   | Place    | Note
-------+----------+-------------------------------------------
     0 | D:1      | zeram the Gnoll Necromancer began the quest for the Orb.
     0 | D:1      | Reached XP level 1. HP: 13/13 MP: 6/6
     0 | D:1      | Found a glowing golden altar of the Shining One.
   183 | D:1      | Reached XP level 2. HP: 13/19 MP: 7/7
   281 | D:1      | Found a faded altar of an unknown god.
   900 | D:1      | Reached skill level 5 in Spellcasting
   900 | D:1      | Reached XP level 3. HP: 25/25 MP: 7/9
  1117 | D:1      | Learned a level 3 spell: Vampiric Draining
  1228 | D:2      | Found Suiwoh's Magic Scroll Shoppe.
  1384 | D:2      | Reached skill level 1 in Invocations
  1543 | D:2      | Reached skill level 1 in Fighting
  1543 | D:2      | Reached skill level 1 in Short Blades
  1543 | D:2      | Reached skill level 1 in Long Blades
  1543 | D:2      | Reached skill level 1 in Axes
  1543 | D:2      | Reached skill level 1 in Maces & Flails
  1543 | D:2      | Reached skill level 1 in Polearms
  1543 | D:2      | Reached skill level 1 in Staves
  1543 | D:2      | Reached skill level 1 in Ranged Weapons
  1543 | D:2      | Reached skill level 1 in Throwing
  1543 | D:2      | Reached skill level 1 in Armour
  1543 | D:2      | Reached skill level 1 in Shields
  1543 | D:2      | Reached skill level 1 in Unarmed Combat
  1543 | D:2      | Reached skill level 1 in Evocations
  2316 | D:3      | Reached XP level 4. HP: 32/32 MP: 9/11
  2320 | D:3      | Learned a level 3 spell: Call Canine Familiar
  2450 | D:3      | Found a hide-covered altar of Uskayaw.
  2465 | D:3      | Reached skill level 1 in Conjurations
  2465 | D:3      | Reached skill level 1 in Hexes
  2465 | D:3      | Reached skill level 1 in Summonings
  2465 | D:3      | Reached skill level 1 in Translocations
  2465 | D:3      | Reached skill level 1 in Transmutations
  2465 | D:3      | Reached skill level 1 in Fire Magic
  2465 | D:3      | Reached skill level 1 in Ice Magic
  2465 | D:3      | Reached skill level 1 in Air Magic
  2465 | D:3      | Reached skill level 1 in Earth Magic
  2465 | D:3      | Reached skill level 1 in Poison Magic
  2656 | D:3      | Found a sacrificial altar of Ru.
  2760 | D:3      | Noticed Jessica
  2764 | D:3      | Killed Jessica
  2765 | D:3      | Reached XP level 5. HP: 37/37 MP: 12/12
  3402 | D:3      | Identified the +4 dagger "Ekhofrinn" {vorpal, Drain Will+
                  | Dex+3}
  3590 | D:4      | Reached XP level 6. HP: 32/44 MP: 11/14
  3789 | D:4      | Noticed Pikel
  3790 | D:4      | Noticed Sigmund
  4187 | D:5      | Entered Level 5 of the Dungeon
  4190 | D:5      | Reached skill level 5 in Dodging
  4479 | D:5      | HP: 1/44 [centaur/arrow (10)]
  5012 | D:6      | Killed from afar by an orc wizard

Illustrated notes

Levels and vault maps discovered:
D:1:      sevenhm_arrival_forest_fort_small_6, layout_rooms,
          hellmonk_ecumenical_altar_arch_garden, minmay_distorted
D:2:      layout_basic, serial_shops, nicolae_shop_trees,
          chequers_serial_rivers_small_3, kennysheep_flooded_box,
          kennysheep_generic_room_2
D:3:      layout_loops_ring, mainiacjoe_overflow_two_lobes,
          grunt_decor_junction, uniq_jessica
D:4:      layout_basic, chequers_serial_rivers_micro_b,
          minmay_misc_feat_diagonals, nicolae_concentric_dashed_squares_mild,
          minmay_manual_mess, uniq_sigmund, uniq_robin, uniq_pikel
D:5:      layout_layer_cave, kennysheep_ying_yang, grunt_gozag_statues,
          uniq_ijyb
D:6:      layout_rooms, mainiacjoe_overflow_alcove_3, tso_oasis_becter,
          chequers_serial_rivers_small_a

Skill      XL: |  1  2  3  4  5  6 |
---------------+-------------------+-----
Spellcasting   | 5 |  5.4
Invocations    | 1 2 |  2.3
Fighting       | 1 2 |  2.1
Short Blades   | 1 2 |  2.1
Long Blades    | 1 2 |  2.1
Axes           | 1 2 |  2.1
Maces & Flails | 1 2 |  2.1
Polearms       | 1 2 |  2.1
Staves         | 1 2 |  2.1
Ranged Weapons | 1 2 |  2.1
Throwing       | 1 2 |  2.1
Armour         | 1 2 |  2.1
Shields        | 1 2 |  2.1
Unarmed Combat | 1 2 |  2.1
Evocations     | 1 2 |  2.1
Conjurations   | 1 |  1.7
Hexes          | 1 |  1.7
Summonings     | 1 |  1.7
Translocations | 1 |  1.7
Transmutations | 1 |  1.7
Fire Magic     | 1 |  1.7
Ice Magic      | 1 |  1.7
Air Magic      | 1 |  1.7
Earth Magic    | 1 |  1.7
Poison Magic   | 1 |  1.7
Dodging        | 5 |  5.0
Stealth        | |  4.7
Necromancy     | |  7.3

Action                   |  1- 3 |  4- 6 || total
-------------------------+-------+-------++-------
Melee: Unarmed           |     9 |       ||     9
       Dagger            |    71 |    90 ||   161
       Bite              |    10 |     7 ||    17
       Punch             |     1 |     2 ||     3
 Cast: Necrotise         |    35 |    24 ||    59
       Vampiric Draining |       |     2 ||     2
  Use: Scroll            |    10 |     4 ||    14
       Potion            |       |     4 ||     4
 Stab: Sleeping          |     6 |     4 ||    10
Armor: Robe              |    24 |    10 ||    34
Dodge: Dodged            |    88 |    70 ||   158
Block: Buckler           |       |    19 ||    19
